 Dungeon Crawl Stone Soup version 0.20.0-10-g0535bb4 (webtiles) character file.

518896 darkestones the Hoplite (level 25, -5/189 HPs)
             Began as a Barachi Fighter on June 3, 2017.
             Was the Champion of Ashenzari.
             Slain by an eight-headed hydra (6 damage)
             ... on level 10 of a ziggurat on June 4, 2017.
             The game lasted 08:05:18 (60009 turns).

darkestones the Hoplite (Barachi Fighter)          Turns: 60009, Time: 08:05:19

Health: -5/189     AC:  7    Str: 23      XL:     25   Next: 81%
Magic:  0/42       EV:  2    Int: 13 (14) God:    Ashenzari [******]
Gold:   1907       SH:  0    Dex: 26      Spells: 12/24 levels left

rFire    + + .     SeeInvis +   T - +4 falchion of Patterns {freeze, rPois rF+ Int+3}
rCold    + + .     Gourm    .   c - +5 large shield {AC+3} (curse)
rNeg     + + +     Faith    .   Y - +0 troll leather armour of Cocytus {MR+ Regen+ Str+4 Dex+2} (curse)
rPois    ∞         Spirit   +   b - +2 hat of the Bear Spirit {Spirit, +Rage rN+ MR++}
rElec    +         Reflect  .   k - +2 cloak "Roov" {MR+} (curse)
rCorr    .         Harm     .   L - +2 pair of gloves of the Alphagorgon {+Inv Dex+5 Slay+3} (curse)
MR       +++++     Clarity  +   m - +1 pair of boots {Stlth+} (curse)
Stlth    ++++++....             A - amulet of regeneration (curse)
Regen    1.3/turn               v - ring "Esugoeff" {rF+ rC+ MP+9 Str+3} (curse)
MPRegen  0.3/turn               E - ring "Niowujoh" {rPois rC+ MP+9 Stlth+} (curse)

@: petrified, corroded, slowed, slow
A: +LOS, swims, repulsion field 1, deterioration 1, frail 1, magic resistance 2,
sense surroundings 1, electricity resistance, slowness 1, weak 2, wild magic 1,
strong legs 2
}: 2/15 runes: serpentine, barnacled
a: Hop, Curse Item, Scrying, Transfer Knowledge, Renounce Religion, Evoke
Berserk Rage, Evoke Invisibility


You were on level 10 of a ziggurat.
You worshipped Ashenzari.
Ashenzari was exalted by your worship.
You were not hungry.

You visited 8 branches of the dungeon, and saw 40 of its levels.
You visited 1 ziggurat, and saw 10 of its levels.
You also visited: Ossuary.

You collected 6348 gold pieces.
You spent 4441 gold pieces at shops.

Inventory:

Hand Weapons
 H - a +4 double sword of holy wrath
 Q - a +3 rapier of flaming
 T - the +4 falchion of Patterns (weapon) {freeze, rPois rF+ Int+3}
   (You found it on level 2 of the Lair of Beasts)

   It has been specially enchanted to freeze those struck by it, causing extra
   injury to most foes and up to half again as much damage against particularly
   susceptible opponents.
   It can also slow down cold-blooded creatures.
   It affects your intelligence (+3).
   It protects you from fire.
   It protects you from poison.
 X - a +6 double sword of electrocution
Missiles
 x - 12 javelins of returning (quivered)
Armour
 b - the +2 hat of the Bear Spirit (worn) {Spirit, +Rage rN+ MR++}
   (You found it on level 3 of a ziggurat)

   It protects you from negative energy.
   It affects your resistance to hostile enchantments.
   It lets you go berserk.
 c - a cursed +5 large shield of protection (worn)
 k - the cursed +2 cloak "Roov" (worn) {MR+}
   (You acquired it on level 5 of the Lair of Beasts)

   It affects your resistance to hostile enchantments.
   It has a curse placed upon it.
 m - a cursed +1 pair of boots of stealth (worn)
 L - the cursed +2 pair of gloves of the Alphagorgon (worn) {+Inv Dex+5 Slay+3}
   (You bought it in a shop on level 2 of the Orcish Mines)

   It affects your dexterity (+5).
   It affects your accuracy and damage with ranged weapons and melee attacks
   (+3).
   It lets you turn invisible.
   It has a curse placed upon it.
 Y - the cursed +0 troll leather armour of Cocytus (worn) {MR+ Regen+ Str+4 Dex+2}
   (You bought it in a shop on level 2 of the Orcish Mines)

   It affects your strength (+4).
   It affects your dexterity (+2).
   It affects your resistance to hostile enchantments.
   It increases your rate of regeneration.
   It has a curse placed upon it.
 Z - the +7 faerie dragon scales {rCorr Int+2 Dex+3}
   (You took it off the Enchantress on level 5 of the Depths)

   It affects your intelligence (+2).
   It affects your dexterity (+3).
   It protects you from acid and corrosion.
Jewellery
 j - the amulet "Avea" {RegenMP rN+}
   (You found it on level 6 of a ziggurat)

   [amulet of magic regeneration]

   It increases your magic regeneration.
   It protects you from negative energy.
 v - the cursed ring "Esugoeff" (left hand) {rF+ rC+ MP+9 Str+3}
   (You acquired it on level 13 of the Dungeon)

   [ring of magical power]

   It affects your strength (+3).
   It protects you from fire.
   It protects you from cold.
   It affects your magic capacity (+9).
   It has a curse placed upon it.
 y - the cursed ring "Rifoah" {rPois rF+ rC++ Str-3 Dex+4}
   (You took it off a tengu warrior on level 3 of the Depths)

   [ring of dexterity]

   It affects your strength (-3).
   It affects your dexterity (+4).
   It protects you from fire.
   It greatly protects you from cold.
   It protects you from poison.
   It has a curse placed upon it.
 A - a cursed amulet of regeneration (around neck)
 E - the cursed ring "Niowujoh" (right hand) {rPois rC+ MP+9 Stlth+}
   (You acquired it on level 1 of the Snake Pit)

   [ring of stealth]

   It protects you from cold.
   It protects you from poison.
   It affects your magic capacity (+9).
   It makes you more stealthy.
   It has a curse placed upon it.
 O - an uncursed ring of stealth
Wands
 p - a wand of disintegration (18/24)
 F - a wand of iceblast (11/15)
 I - a wand of acid (4/15)
 J - a wand of paralysis (12/24)
Scrolls
 d - a scroll of silence
 e - 10 scrolls of teleportation
 i - 15 scrolls of remove curse
 n - 2 scrolls of summoning
 q - 10 scrolls of magic mapping
 w - 4 scrolls of enchant weapon
 B - 5 scrolls of fear
 D - 6 scrolls of recharging
 K - 2 scrolls of holy word
 N - 4 scrolls of blinking
 R - 11 scrolls of identify
 S - 8 scrolls of fog
Potions
 a - 8 potions of flight
 g - 4 potions of might
 h - 9 potions of curing
 s - 2 potions of agility
 t - a potion of invisibility
 u - a potion of ambrosia
 C - 6 potions of resistance
 M - 4 potions of cancellation
 V - a potion of haste
Books
 o - the Papyrus of Displacement
   (You found it on level 8 of a ziggurat)

   Spells                             Type                      Level
   a - Blink                          Translocation                2
   b - Portal Projectile              Hexes/Translocation          3
   c - Lesser Beckoning               Translocation                3
   d - Teleport Other                 Translocation                3
   e - Passage of Golubria            Translocation                4
   f - Summon Forest                  Summoning/Translocation      5
Miscellaneous
 l - 3 phantom mirrors
 P - a lightning rod (4/4)
 U - a lamp of fire
 W - a fan of gales
Comestibles
 f - 11 bread rations
 r - 17 meat rations
 z - 2 chunks of flesh
 G - 18 royal jellies


   Skills:
 * Level 19.9 Fighting
 * Level 21.7 Long Blades
 + Level 7.9 Throwing
 * Level 19.1 Armour
 * Level 18.6(20.9) Dodging
 + Level 5.6(8.6) Stealth
 * Level 26.2(27) Shields
 + Level 2.1(5.5) Evocations


You had 12 spell levels left.
You knew the following spells:

 Your Spells              Type           Power        Failure   Level  Hunger
a - Summon Hydra          Summ           #.........   100%        7    #######
b - Mephitic Cloud        Conj/Pois/Air  #.......     67%         3    ####...
c - Blink                 Tloc           N/A          45%         2    ###....


Dungeon Overview and Level Annotations

Branches:
Dungeon (15/15)            Temple (0/1) D:6            Lair (6/6) D:11
 Shoals (4/4) Lair:4        Snake (4/4) Lair:4        Slime (0/5) Lair:6
    Orc (2/2) D:11            Elf (3/3) Orc:2        Vaults (1/5) D:13
 Depths (5/5) D:15            Zot (0/5) Depths:5

Altars:
Ashenzari
Dithmenos
Fedhas
Gozag
Kikubaaqudgha
Nemelex Xobeh
Qazlal
Sif Muna
Uskayaw
Vehumet
Xom
Yredelemnul
Zin
The Shining One
Beogh
Jiyva

Shops:
D:7 :%*[[   D:11 [   Orc:1 [   Orc:2 *(([[   Elf:1 (!(   Elf:2 *   Snake:1 }?*?
Depths:1 [   Depths:2 [

Portals:
Hell: Depths:1 Depths:2 Depths:3 Depths:4 Depths:5
Abyss: Depths:3 Depths:4
Pandemonium: Depths:3

Annotations:
D:4 1 runed door, Crazy Yiuf
D:7 Food
Lair:5 Home
Depths:3 1 exclusion


Innate Abilities, Weirdness & Mutations

Shadows flee at your approach. (+LOS)
You can swim through water.
You cover ground slowly.
You can hop longer distances.
You are surrounded by a mild repulsion field. (EV +2)
Your body sometimes deteriorates upon taking damage.
You are frail. (-10% HP)
You are highly resistant to hostile enchantments. (MR++)
You passively map a small area around you.
You are resistant to electric shocks. (rElec)
You are very weak. (Str -4)
Your spells are a little harder to cast, but a little more powerful.


Message History

* * * LOW HITPOINT WARNING * * *
The eight-headed hydra bites you but does no damage. x3
The eight-headed hydra bites you. x3
* * * LOW HITPOINT WARNING * * *
The eight-headed hydra bites you!
* * * LOW HITPOINT WARNING * * *
The caustic shrike claws you!!
* * * LOW HITPOINT WARNING * * *
You are splashed with acid!
The acid burns!
* * * LOW HITPOINT WARNING * * *
The caustic shrike claws you but does no damage.
The catoblepas gores you.
* * * LOW HITPOINT WARNING * * *
The eight-headed hydra bites you but does no damage. x2
The eight-headed hydra bites you!
* * * LOW HITPOINT WARNING * * *
The eight-headed hydra bites you!
* * * LOW HITPOINT WARNING * * *
The eight-headed hydra bites you!
You die...

▓▓▓▓▓▓▓▓▓▓▓
▓.........▓▓
...........▓▓
*,...........S▓▓
, F...D......SS▓▓
,
SD.S8.8...ltwY▓▓
,l........SwDDb@▓
,Y...8.8...FtDD▓▓
,,.SS.......FwS▓▓
,.....D.....F▓▓ *
...........▓▓
▓.b.......▓▓
▓▓▓▓▓▓▓▓▓▓▓


You could see a caustic shrike, a catoblepas, 2 eight-headed hydras, a
seven-headed hydra, a six-headed hydra, 3 torpor snails, a komodo dragon, 2
spiny frogs, a blink frog, 5 water moccasins and 2 crocodiles.

Vanquished Creatures
  Mara (Depths:3)
  A pandemonium lord (Zig:9)
  A juggernaut (Depths:4)
  Margery (Depths:5)
  Xtahua (Depths:5)
  Saint Roka (Depths:1)
  Vashnia (Snake:3)
  Frederick (Depths:4)
  2 Killer Klowns (Zig:9)
  3 golden dragons
  Nikola (Snake:3)
  the Enchantress (Depths:5)
  4 tentacled monstrosities
  Asterion (Elf:1)
  An Ice Fiend (Zig:9)
  5 liches
  3 deep elf blademasters
  A titan (Depths:3)
  2 acid blobs (Zig:8)
  A kraken (Shoals:1)
  A quicksilver dragon (Depths:3)
  4 deep elf master archers
  A sphinx (Depths:1)
  A quicksilver dragon (shapeshifter) (Zig:9)
  An Executioner (Zig:9)
  Gastronok (D:8)
  4 shadow dragons
  3 storm dragons
  Donald (Elf:3)
  2 tengu reavers
  Ilsuiw (Shoals:4)
  Roxanne (D:14)
  6 nagarajas
  2 azure jellies
  A draconian knight (Depths:5)
  A fire giant (shapeshifter) (Zig:9)
  10 deep elf sorcerers
  8 frost giants
  A ghost moth (Zig:6)
  5 fire giants
  An orc warlord (Orc:2)
  3 balrugs
  2 iron dragons
  Louise (Depths:4)
  Aizul (Elf:1)
  A curse skull (Depths:1)
  A draconian stormcaller (Depths:5)
  4 deep elf elementalists
  A draconian shifter (Depths:5)
  A reaper (Depths:3)
  A juggernaut skeleton (Depths:1)
  31 very ugly things
  6 spriggan defenders
  A war gargoyle (Depths:3)
  A caustic shrike skeleton (Depths:1)
  2 black draconians (Depths:5)
  3 vampire knights
  Nessos (Lair:4)
  16 stone giants
  A corrupter (Zig:5)
  A green draconian (Depths:5)
  An entropy weaver (Zig:7)
  Azrael (D:12)
  6 deep elf annihilators
  9 deep elf demonologists
  A purple draconian (Depths:5)
  2 white draconians (Depths:5)
  Snorg (D:12)
  11 merfolk javelineers
  4 deep elf death magi
  A blizzard demon (Depths:3)
  11 spark wasps
  13 ettins
  The ghost of Anerion the Grappler, a journeyman BaMo of Cheibriados (Orc:1)
  A mummy priest (Zig:3)
  4 yaktaur captains
  16 merfolk impalers
  3 great orbs of eyes
  8 deep elf high priests
  The ghost of Chikkuri the Tainter, a journeyman OpVM of Fedhas (D:11)
  A quicksilver dragon skeleton (Depths:1)
  Fannar (Lair:3)
  7 ice dragons
  14 fire dragons
  4 rakshasas
  6 spriggan air magi
  21 naga warriors
  6 centaur warriors
  6 hydras
  6 merfolk aquamancers
  12 anacondas
  2 alligator snapping turtles
  A satyr (Shoals:4)
  18 two-headed ogres
  An alligator snapping turtle (shapeshifter) (Zig:9)
  3 merfolk avatars
  4 death yaks (D:11)
  22 dancing weapons
  4 ogre magi
  2 orc high priests (Orc:2)
  12 deep troll shamans
  2 vampire magi
  25 tengu warriors
  3 soul eaters (Depths:3)
  16 deep troll earth magi
  7 shock serpents
  Nergalle (Orc:1)
  12 spriggan berserkers
  3 sun demons (Depths:3)
  Sonja (Lair:2)
  14 naga sharpshooters
  20 deep elf knights
  2 small abominations
  2 salamander mystics
  A fire crab (Lair:6)
  12 hell knights
  5 iron trolls
  An unseen horror (shapeshifter) (Elf:3)
  17 skeletal warriors
  2 quicksilver dragon simulacra (Depths:3)
  12 sea snakes
  31 deep trolls
  A swamp dragon (Lair:6)
  4 glowing orange brains
  An obsidian statue (D:15)
  8 naga ritualists
  2 golden dragon skeletons (Depths:1)
  4 unseen horrors
  9 deep elf archers
  Pikel (D:6)
  An orange crystal statue (D:15)
  2 necromancers
  25 harpies
  3 wizards
  4 phantasmal warriors (Depths:3)
  10 mana vipers
  5 oklob plants (Zig:8)
  3 orc knights (Orc:2)
  67 deep elf magi
  2 wolf spider zombies
  6 orb spiders
  29 ugly things
  2 orc sorcerers (Elf:2)
  12 manticores
  3 shining eyes (Zig:8)
  14 salamanders
  A wolf spider (Zig:7)
  7 cyclopes
  6 fauns
  A moth of wrath (Zig:6)
  2 stone giant skeletons (Depths:1)
  A sphinx skeleton (Depths:1)
  A worldbinder (Zig:5)
  4 elephants (Lair:3)
  A manticore (shapeshifter) (Depths:2)
  4 guardian serpents
  9 merfolk sirens
  3 frost giant skeletons (Depths:1)
  A guardian serpent (shapeshifter) (D:15)
  Maurice (D:9)
  8 water nymphs
  A smoke demon (Depths:2)
  An ice statue (Depths:3)
  A torpor snail (Lair:6)
  32 black mambas
  An eye of devastation (shapeshifter) (Zig:9)
  10 spiny frogs
  28 naga magi
  8 rust devils (Depths:3)
  2 centaur skeletons (D:15)
  4 eyes of devastation (Zig:8)
  A rime drake (shapeshifter) (D:12)
  5 rime drakes
  3 komodo dragons (shapeshifter)
  3 efreet
  3 guardian mummies (Zig:3)
  4 ice devils
  4 freezing wraiths
  7 komodo dragons
  2 spriggan skeletons (Depths:1)
  10 yaktaurs
  11 tengu conjurers
  A meliai (Zig:7)
  25 merfolk
  3 hellwings (Depths:5)
  5 trolls
  2 jumping spiders (Zig:7)
  A wind drake (shapeshifter) (Depths:1)
  9 red devils
  A hornet (shapeshifter) (Depths:5)
  9 polar bears (Lair:6)
  5 hornets
  2 trolls (shapeshifter)
  6 blink frogs
  Grinder (D:4)
  8 hippogriffs
  A raiju (Lair:6)
  5 wind drakes
  A deep troll zombie (Zig:2)
  15 slime creatures
  10 snapping turtles
  A meliai zombie (D:14)
  2 fire dragon skeletons (Depths:1)
  An ice dragon skeleton (Depths:1)
  2 ettin skeletons (Depths:1)
  2 vampires
  13 air elementals
  2 tarantellas
  4 wyverns
  19 flying skulls
  9 redbacks
  4 spriggans
  3 shadows
  28 water elementals
  8 wraiths
  A fire bat (shapeshifter) (Depths:5)
  The ghost of Sharkman1231 the Digger, an amateur OgEE (D:4)
  4 fire elementals
  53 yaks
  Eustachio (D:5)
  2 hungry ghosts
  2 basilisks
  3 steam dragons
  5 vampire mosquitoes
  Edmund (D:5)
  55 nagas
  An elf skeleton (Depths:1)
  8 wargs
  3 acid dragons (Lair:6)
  Duvessa (D:5)
  A soldier ant (D:13)
  27 hell hounds
  8 water moccasins
  2 floating eyes (Depths:4)
  13 porcupines
  3 tengu skeletons
  3 swamp drakes (Lair:6)
  38 orc warriors
  8 ice beasts
  A sky beast (D:9)
  2 eyes of draining (Zig:8)
  13 black bears
  A phantom (D:7)
  3 ettin simulacra (Depths:3)
  A necrophage (D:6)
  12 ogres
  A boggart (D:13)
  29 wolves
  13 centaurs
  14 crocodiles
  A big kobold (D:9)
  Blork the orc (D:4)
  20 bullfrogs
  3 earth elementals
  A water moccasin zombie (D:9)
  Dowan (D:5)
  7 scorpions
  16 killer bees
  3 wights
  2 electric eels
  3 centaur zombies
  14 crimson imps
  3 bullfrog zombies
  A quasit (D:10)
  36 orc wizards
  31 orc priests
  4 bullfrog skeletons
  7 hounds
  3 jellies
  Jessica (D:3)
  10 iguanas
  Ijyb (D:5)
  11 worker ants
  Natasha (thrice) (D:4)
  A hound zombie (D:10)
  3 mummies
  A worker ant zombie (D:11)
  4 gnolls
  14 adders
  2 shadow imps
  2 adder skeletons
  4 worms (D:2)
  4 dart slugs
  3 leopard geckos
  110 orcs
  7 bats
  6 giant cockroaches
  10 goblins
  9 hobgoblins
  9 jackals
  6 kobolds
  4 quokkas
  2 ball pythons (D:5)
  2 frilled lizards
  8 gnoll skeletons (Ossuary)
  2 goblin zombies (D:8)
  10 kobold skeletons (Ossuary)
  A leopard gecko skeleton (D:7)
  A leopard gecko zombie (D:6)
  7 orc skeletons (Ossuary)
  8 rats
  A crawling corpse (Elf:2)
  A plant (Shoals:1)
  4 tentacles (Shoals:1)
1985 creatures vanquished.

Vanquished Creatures (collateral kills)
  An emperor scorpion (Zig:7)
  A tengu warrior (Depths:3)
  An orb spider (Zig:7)
  A wolf spider (Zig:7)
  2 tarantellas (Zig:7)
  A large abomination (Zig:5)
7 creatures vanquished.

Vanquished Creatures (others)
  A ghost moth (Zig:6)
  A fire giant (Depths:4)
  A vampire knight (Depths:4)
  A deep elf mage (Elf:3)
  A frost giant zombie (Depths:3)
  A merfolk siren (Shoals:4)
  A jumping spider (Zig:6)
  A porcupine (Lair:4)
  A centaur (Depths:3)
  An iguana (Lair:6)
  8 fungi
  19 plants
  4 tentacles (Shoals:1)
41 creatures vanquished.

Grand Total: 2033 creatures vanquished

Notes
Turn   | Place    | Note
-------+----------+-------------------------------------------
     0 | D:1      | darkestones the Barachi Fighter began the quest for the Orb.
     0 | D:1      | Reached XP level 1. HP: 18/18 MP: 1/1
    72 | D:1      | Reached XP level 2. HP: 20/25 MP: 2/2
   803 | D:2      | Reached XP level 3. HP: 30/30 MP: 3/3
  1045 | D:2      | Reached XP level 4. HP: 23/37 MP: 4/4
  1164 | D:2      | Found a shattered altar of Ashenzari.
  1179 | D:2      | Reached skill level 1 in Dodging
  1290 | D:2      | Became a worshipper of Ashenzari the Shackled
  1861 | D:3      | Found an ancient bone altar of Kikubaaqudgha.
  1863 | D:3      | Noticed a two-headed ogre
  1874 | D:2      | Reached XP level 5. HP: 37/43 MP: 5/5
  2549 | D:3      | Found a basalt altar of Yredelemnul.
  2605 | D:3      | Noticed Jessica
  2617 | D:3      | Killed Jessica
  2789 | D:3      | Killed a two-headed ogre
  2789 | D:3      | Reached skill level 5 in Fighting
  2789 | D:3      | Reached skill level 5 in Armour
  2789 | D:3      | Reached skill level 4 in Shields
  2789 | D:3      | Reached XP level 6. HP: 34/51 MP: 6/6
  2789 | D:3      | Reached XP level 7. HP: 37/56 MP: 7/7
  2789 | D:3      | Reached XP level 8. HP: 42/63 MP: 8/8
  2976 | D:4      | Noticed Sharkman1231's ghost (amateur OgEE)
  2993 | D:4      | Killed Sharkman1231's ghost
  2993 | D:4      | Reached skill level 5 in Shields
  3026 | D:4      | Reached * piety under Ashenzari
  3031 | D:4      | Found a runed door.
  3031 | D:4      | Noticed Crazy Yiuf
  3049 | D:4      | Noticed Natasha
  3056 | D:4      | Killed Natasha
  3069 | D:4      | Noticed Grinder
  3079 | D:4      | Paralysed by Grinder for 5 turns
  3093 | D:4      | Killed Grinder
  3407 | D:4      | Gained mutation: You have large cloven feet. [potion of mutation]
  3407 | D:4      | Gained mutation: You have a somewhat thin skeletal structure. (Dex +2, Stealth) [potion of mutation]
  3407 | D:4      | Lost mutation: You have a somewhat thin skeletal structure. (Dex +2, Stealth) [potion of mutation]
  3407 | D:4      | Gained mutation: You can translocate small distances at will. [potion of mutation]
  3411 | D:4      | Found a stormy altar of Qazlal.
  3414 | D:4      | Noticed Blork the orc
  3426 | D:4      | Killed Blork the orc
  3702 | D:4      | Noticed Natasha
  3712 | D:4      | Killed Natasha
  3712 | D:4      | Reached skill level 1 in Throwing
  3828 | D:4      | Found an opulent altar of Gozag.
  4079 | D:4      | Reached XP level 9. HP: 67/71 MP: 9/9
  4127 | D:4      | Noticed Natasha
  4131 | D:4      | Killed Natasha
  4292 | D:5      | Entered Level 5 of the Dungeon
  4360 | D:5      | Noticed Dowan
  4361 | D:5      | Noticed Duvessa
  4378 | D:5      | Killed Dowan
  4398 | D:5      | Killed Duvessa
  4629 | D:5      | Noticed Edmund
  4662 | D:5      | Killed Edmund
  4913 | D:5      | Noticed Ijyb
  4913 | D:5      | Noticed Eustachio
  4919 | D:5      | Killed Eustachio
  4919 | D:5      | Reached skill level 5 in Dodging
  4919 | D:5      | Reached skill level 6 in Shields
  4934 | D:5      | Killed Ijyb
  5093 | D:5      | Found a sparkling altar of Nemelex Xobeh.
  5158 | D:5      | Found a glowing silver altar of Zin.
  5308 | D:6      | Found a staircase to the Ecumenical Temple.
  5308 | D:6      | Reached ** piety under Ashenzari
  5314 | D:6      | Reached skill level 1 in Short Blades
  5424 | D:6      | Found a deep blue altar of Sif Muna.
  5424 | D:6      | Found a shimmering altar of Xom.
  5426 | D:6      | Found a hide-covered altar of Uskayaw.
  5696 | D:6      | Noticed Pikel
  5712 | D:6      | Killed Pikel
  5974 | D:7      | Noticed a two-headed ogre
  5987 | D:7      | Killed a two-headed ogre
  5987 | D:7      | Reached skill level 5 in Short Blades
  5987 | D:7      | Reached XP level 10. HP: 80/80 MP: 10/10
  6015 | D:7      | Found a shadowy altar of Dithmenos.
  6078 | D:7      | Found Efeive's Book Emporium.
  6080 | D:7      | Found Vuorroill's Food Boutique.
  6378 | D:7      | Found Ceriys's Armour Shop.
  6534 | D:7      | Found Wiagg's General Store.
  6543 | D:7      | Bought a potion of curing for 48 gold pieces
  6555 | D:7      | Found Waribiqu's Antique Armour Shoppe.
  6561 | D:7      | Bought an embroidered cloak for 150 gold pieces
  6735 | D:8      | Reached skill level 7 in Shields
  6774 | D:8      | Noticed Gastronok
  6774 | D:8      | Noticed a two-headed ogre
  6781 | D:8      | Killed a two-headed ogre
  6790 | D:8      | Killed Gastronok
  6790 | D:8      | Reached skill level 8 in Shields
  6790 | D:8      | Reached XP level 11. HP: 71/87 MP: 11/11
  6842 | D:8      | Reached *** piety under Ashenzari
  6847 | D:8      | Found a sand-covered staircase.
  6854 | Ossuary  | Entered an ossuary
  7070 | Ossuary  | Lost mutation: You have large cloven feet. [potion of mutation]
  7070 | Ossuary  | Lost mutation: You can translocate small distances at will. [potion of mutation]
  7070 | Ossuary  | Gained mutation: Your system is resistant to poisons. (rPois) [potion of mutation]
  7070 | Ossuary  | Gained mutation: You are somewhat resistant to further mutation. [potion of mutation]
  7821 | D:9      | Found a radiant altar of Vehumet.
  8090 | D:9      | Identified a scroll of acquirement
  8393 | D:9      | Noticed Maurice
  8674 | D:9      | Killed Maurice
  8694 | D:10     | Entered Level 10 of the Dungeon
  8703 | D:10     | Learned a level 7 spell: Summon Hydra
  8915 | D:10     | Reached **** piety under Ashenzari
  9598 | D:11     | Noticed Chikkuri's ghost (journeyman OpVM)
  9681 | D:11     | Killed Chikkuri's ghost
  9832 | D:11     | Found a staircase to the Orcish Mines.
  9871 | D:11     | Reached skill level 10 in Short Blades
  9872 | D:11     | Found a roughly hewn altar of Beogh.
  9948 | D:11     | Noticed a death yak
  9964 | D:11     | Killed a death yak
 10021 | D:11     | Noticed a brown ugly thing
 10054 | D:11     | Killed a brown ugly thing
 10054 | D:11     | Reached XP level 12. HP: 55/97 MP: 12/12
 10360 | D:11     | Reached skill level 9 in Shields
 10411 | D:11     | Found a staircase to the Lair.
 10416 | D:11     | Found Hyph's Armour Shoppe.
 10417 | D:11     | Noticed a death yak
 10418 | D:11     | Noticed a death yak
 10418 | D:11     | Noticed a death yak
 10451 | D:11     | Killed a death yak
 10472 | D:11     | Killed a death yak
 10487 | D:11     | Killed a death yak
 10487 | D:11     | Reached skill level 10 in Fighting
 10487 | D:11     | Reached skill level 1 in Stealth
 10537 | D:11     | Noticed a five-headed hydra
 10719 | D:11     | Killed a five-headed hydra
 11417 | D:11     | Noticed a two-headed ogre
 11427 | D:11     | Killed a two-headed ogre
 11533 | D:12     | Noticed a two-headed ogre
 11542 | D:12     | Killed a two-headed ogre
 11878 | D:12     | Noticed Snorg
 11908 | D:12     | Killed Snorg
 12074 | D:12     | Reached skill level 10 in Armour
 12225 | D:12     | Gained mutation: You can hop longer distances. [Barachi growth]
 12225 | D:12     | Reached XP level 13. HP: 106/106 MP: 13/13
 12288 | D:12     | Reached skill level 10 in Shields
 12354 | D:12     | Reached ***** piety under Ashenzari
 12610 | D:12     | Gained mutation: You have a pair of small antennae on your head. [mutagenic meat]
 12825 | D:13     | Noticed Azrael
 12907 | D:12     | Killed Azrael
 13330 | D:13     | Noticed an ettin
 13893 | D:7      | Bought an encrusted plate armour for 560 gold pieces
 13893 | D:7      | Identified the +1 plate armour of the Desolation of Salt {Dex+3} (You bought it in a shop on level 7 of the Dungeon)
 14346 | D:10     | You fall through a shaft!
 14583 | D:12     | Killed an ettin
 14594 | D:12     | Reached skill level 1 in Evocations
 15039 | D:13     | Found a gate to the Vaults.
 15163 | D:13     | Reached skill level 11 in Shields
 15650 | D:13     | Identified the cursed ring "Esugoeff" {rF+ rC+ MP+9 Str+3} (You acquired it on level 13 of the Dungeon)
 15655 | D:13     | Upgraded the game from 0.20.0-8-g6b59dc7 to 0.20.0-10-g0535bb4
 16062 | D:14     | Lost mutation: You are somewhat resistant to further mutation. [potion of mutation]
 16062 | D:14     | Lost mutation: You have a pair of small antennae on your head. [potion of mutation]
 16062 | D:14     | Lost mutation: Your system is resistant to poisons. (rPois) [potion of mutation]
 16062 | D:14     | Gained mutation: You are surrounded by a mild repulsion field. (EV +2) [potion of mutation]
 16062 | D:14     | Gained mutation: Your body sometimes deteriorates upon taking damage. [potion of mutation]
 16062 | D:14     | Gained mutation: You are agile. (Dex +2) [potion of mutation]
 16156 | D:14     | Reached XP level 14. HP: 83/114 MP: 15/15
 16647 | D:14     | Found a glowing golden altar of the Shining One.
 16902 | D:14     | Noticed Roxanne
 17018 | D:14     | Reached skill level 12 in Shields
 17197 | D:15     | Entered Level 15 of the Dungeon
 17973 | D:15     | Gained mutation: You tend to lose your temper in combat. [mutagenic meat]
 18563 | D:15     | Found a staircase to the Depths.
 19035 | Lair:1   | Entered Level 1 of the Lair of Beasts
 19828 | Lair:2   | Noticed Sonja
 19843 | Lair:2   | Killed Sonja
 19843 | Lair:2   | Reached skill level 10 in Dodging
 20250 | Lair:2   | Lost mutation: You are agile. (Dex +2) [potion of mutation]
 20250 | Lair:2   | Lost mutation: You tend to lose your temper in combat. [potion of mutation]
 20250 | Lair:2   | Gained mutation: You have a pair of small horns on your head. [potion of mutation]
 20250 | Lair:2   | Gained mutation: You are agile. (Dex +2) [potion of mutation]
 20250 | Lair:2   | Gained mutation: Your muscles are strong. (Str +2) [potion of mutation]
 20373 | Lair:2   | Identified the +4 falchion of Patterns {freeze, rPois rF+ Int+3}
 20445 | Lair:2   | Learned a level 3 spell: Mephitic Cloud
 20448 | Lair:2   | Learned a level 2 spell: Blink
 20775 | Lair:2   | Reached XP level 15. HP: 123/123 MP: 16/16
 21646 | Lair:3   | Noticed Fannar
 21665 | Lair:3   | Reached skill level 13 in Shields
 21749 | Lair:3   | Killed Fannar
 21922 | Lair:3   | Reached ****** piety under Ashenzari
 22482 | Lair:4   | Identified the cursed +1 scimitar "Dojoox" {vamp, *Rage rN++ Str-2 Dex+9}
 22609 | Lair:4   | Noticed Nessos
 22629 | Lair:4   | Killed Nessos
 22715 | Lair:4   | Found a staircase to the Snake Pit.
 22997 | Lair:4   | Found a staircase to the Shoals.
 24367 | Lair:6   | Entered Level 6 of the Lair of Beasts
 25416 | Lair:6   | Found a runed door.
 25421 | Lair:6   | Found a viscous altar of Jiyva.
 25421 | Lair:6   | Found a staircase to the Slime Pits.
 25421 | Lair:6   | Noticed an azure jelly
 25447 | Lair:6   | Killed an azure jelly
 25587 | Lair:6   | Reached skill level 14 in Shields
 27176 | Orc:1    | Entered Level 1 of the Orcish Mines
 27213 | Orc:1    | Noticed Anerion's ghost (journeyman BaMo)
 27228 | Orc:1    | Noticed Nergalle
 27283 | Orc:1    | Killed Anerion's ghost
 27283 | Orc:1    | Reached skill level 10 in Long Blades
 27293 | Orc:1    | Killed Nergalle
 27474 | Orc:2    | Entered Level 2 of the Orcish Mines
 27522 | Orc:2    | Found a roughly hewn altar of Beogh.
 27545 | Orc:1    | Found Yzetom's Armour Emporium.
 27589 | Orc:1    | Found a roughly hewn altar of Beogh.
 27663 | Orc:1    | Reached XP level 16. HP: 132/132 MP: 17/17
 27934 | Orc:2    | Found a staircase to the Elven Halls.
 27997 | Orc:2    | Reached skill level 15 in Shields
 28120 | Orc:2    | Found Uhilois's Antique Weapon Emporium.
 28158 | Orc:2    | Found a roughly hewn altar of Beogh.
 28184 | Orc:2    | Found Wejiu's Assorted Antiques.
 28197 | Orc:2    | Bought an agate-studded troll leather armour for 460 gold pieces
 28197 | Orc:2    | Identified the cursed +0 troll leather armour of Cocytus {MR+ Regen+ Str+4 Dex+2} (You bought it in a shop on level 2 of the Orcish Mines)
 28569 | Orc:2    | Found Ziamuwn's Antique Armour Shoppe.
 28584 | Orc:2    | Bought a pair of jewelled gloves for 266 gold pieces
 28584 | Orc:2    | Identified the +2 pair of gloves of the Alphagorgon {+Inv Dex+5 Slay+3} (You bought it in a shop on level 2 of the Orcish Mines)
 28641 | Orc:2    | Found a roughly hewn altar of Beogh.
 28641 | Orc:2    | Found Fem Obesch's Antique Weapon Boutique.
 28733 | Orc:2    | Found a roughly hewn altar of Beogh.
 28874 | Orc:2    | Found a roughly hewn altar of Beogh.
 28874 | Orc:2    | Found Pyfas's Armour Boutique.
 28971 | Orc:2    | Found a roughly hewn altar of Beogh.
 29497 | Depths:1 | Entered Level 1 of the Depths
 29514 | Depths:1 | Reduced skill Short Blades to level 10
 29558 | Depths:1 | Found a gateway to Hell.
 30097 | Depths:1 | Reached skill level 16 in Shields
 30647 | Depths:1 | Noticed Saint Roka
 30879 | Depths:1 | Killed Saint Roka
 30879 | Depths:1 | Reached XP level 17. HP: 106/140 MP: 18/18
 31455 | Depths:1 | Gained mutation: Your muscles are very strong. (Str +4) [mutagenic meat]
 31469 | Depths:1 | Gained mutation: You are very agile. (Dex +4) [mutagenic meat]
 31470 | Depths:1 | Lost mutation: You have a pair of small horns on your head. [mutagenic meat]
 31499 | Depths:1 | Found Foar's Antique Armour Emporium.
 31632 | Depths:1 | Reached skill level 17 in Shields
 32083 | Depths:2 | Noticed a sphinx
 32098 | Depths:2 | Paralysed by a sphinx for 2 turns
 32105 | Depths:1 | Killed a sphinx
 32337 | Depths:2 | Noticed a lich
 32380 | Depths:2 | Killed a lich
 32380 | Depths:2 | Reached skill level 15 in Long Blades
 32718 | Depths:1 | Reached skill level 15 in Fighting
 32829 | Depths:2 | Reached skill level 18 in Shields
 32925 | Depths:2 | Reached XP level 18. HP: 149/149 MP: 19/19
 33109 | Depths:2 | Found Cude's Armour Boutique.
 33346 | Depths:2 | Reached skill level 5 in Throwing
 34876 | Depths:3 | Found a sparkling altar of Nemelex Xobeh.
 34981 | Depths:3 | Reached skill level 19 in Shields
 35400 | Shoals:1 | Entered Level 1 of the Shoals
 36363 | Shoals:1 | Reached XP level 19. HP: 149/156 MP: 20/20
 36704 | Shoals:2 | Reached skill level 15 in Armour
 37122 | Shoals:2 | Identified the cursed +1 pair of boots "Kicit" {Dex+2} (You acquired it on level 2 of the Shoals)
 38008 | Shoals:4 | Entered Level 4 of the Shoals
 38221 | Shoals:4 | Noticed Ilsuiw
 38365 | Shoals:4 | Killed Ilsuiw
 38365 | Shoals:4 | Reached skill level 20 in Shields
 39437 | Shoals:4 | Got a barnacled rune of Zot
 39760 | Lair:5   | Lost mutation: Your body sometimes deteriorates upon taking damage. [potion of mutation]
 39760 | Lair:5   | Lost mutation: You are very agile. (Dex +4) [potion of mutation]
 39760 | Lair:5   | Lost mutation: Your muscles are very strong. (Str +4) [potion of mutation]
 39760 | Lair:5   | Gained mutation: You are partially covered in iridescent scales. (AC +2) [potion of mutation]
 39760 | Lair:5   | Gained mutation: You are frail. (-10% HP) [potion of mutation]
 39760 | Lair:5   | Gained mutation: You have a pair of small horns on your head. [potion of mutation]
 39760 | Lair:5   | Gained mutation: Your movements are slightly less encumbered by armour. (ER -2) [potion of mutation]
 39833 | Snake:1  | Entered Level 1 of the Snake Pit
 39899 | Snake:1  | Found Poyleik's Gadget Emporium.
 39915 | Snake:1  | Found Yroz's General Store.
 39933 | Snake:1  | Found Byugontu's Magic Scroll Emporium.
 39954 | Snake:1  | Found Vige's Magic Scroll Emporium.
 39959 | Snake:1  | Bought a scroll of remove curse for 39 gold pieces
 39959 | Snake:1  | Bought a scroll of enchant armour for 97 gold pieces
 39959 | Snake:1  | Bought a scroll of identify for 26 gold pieces
 39978 | Snake:1  | Bought a scroll of identify for 34 gold pieces
 39978 | Snake:1  | Bought a scroll of remove curse for 51 gold pieces
 39978 | Snake:1  | Bought a scroll of recharging for 161 gold pieces
 39978 | Snake:1  | Bought a scroll of identify for 34 gold pieces
 39988 | Snake:1  | Bought a scroll of acquirement for 520 gold pieces
 40921 | Snake:2  | Reached XP level 20. HP: 125/147 MP: 21/21
 41314 | Snake:1  | Bought a scroll of acquirement for 676 gold pieces
 41316 | Snake:1  | Identified the cursed ring "Niowujoh" {rPois rC+ MP+9 Stlth+} (You acquired it on level 1 of the Snake Pit)
 41439 | Snake:2  | Reached skill level 21 in Shields
 42253 | Snake:3  | Noticed Vashnia
 42285 | Snake:3  | Killed Vashnia
 42756 | Snake:3  | Noticed Nikola
 42774 | Snake:3  | Killed Nikola
 43030 | Snake:3  | Reached skill level 15 in Dodging
 43097 | Snake:4  | Entered Level 4 of the Snake Pit
 43591 | Snake:4  | Lost mutation: Your muscles are strong. (Str +2) [potion of mutation]
 43591 | Snake:4  | Lost mutation: You are agile. (Dex +2) [potion of mutation]
 43591 | Snake:4  | Lost mutation: You are frail. (-10% HP) [potion of mutation]
 43591 | Snake:4  | Gained mutation: Your spells are a little harder to cast, but a little more powerful. [potion of mutation]
 43591 | Snake:4  | Gained mutation: You have a pair of horns on your head. [potion of mutation]
 43591 | Snake:4  | Gained mutation: Your muscles are strong. (Str +2) [potion of mutation]
 44185 | Snake:4  | Reached XP level 21. HP: 145/172 MP: 22/22
 44619 | Snake:4  | Got a serpentine rune of Zot
 45024 | Elf:1    | Entered Level 1 of the Elven Halls
 45031 | Elf:1    | Found Zireerph's Distillery.
 45034 | Elf:1    | Bought a potion of curing for 42 gold pieces
 45034 | Elf:1    | Bought 2 potions of agility for 112 gold pieces
 45144 | Elf:1    | Reached skill level 22 in Shields
 45153 | Elf:1    | Noticed Asterion
 45193 | Elf:1    | Killed Asterion
 45483 | Elf:1    | Identified the Collected Works on Attacks
 45646 | Elf:1    | Found Gorum's Antique Weapon Shoppe.
 45668 | Elf:1    | Noticed Aizul
 45685 | Elf:1    | Killed Aizul
 45835 | Elf:1    | Found Pyzuduxt's Antique Weapon Emporium.
 46389 | Elf:2    | Found a huge runed gate.
 46389 | Elf:2    | Found a huge runed gate.
 46389 | Elf:2    | Found a huge runed gate.
 46400 | Elf:2    | Found a huge runed gate.
 46402 | Elf:2    | Found a huge runed gate.
 46493 | Elf:2    | Found Bisojies's Assorted Antiques.
 47568 | Vaults:1 | Entered Level 1 of the Vaults
 47738 | Elf:3    | Entered Level 3 of the Elven Halls
 48411 | Elf:2    | Reached XP level 22. HP: 150/181 MP: 23/23
 48800 | Elf:3    | Reached skill level 23 in Shields
 48928 | Elf:3    | Noticed Donald
 48976 | Elf:3    | Killed Donald
 48983 | Elf:3    | Got the falchion "Yqott" {flame, rF+}
 49577 | Elf:3    | Identified Lom Lobon's Catalogue of the Compass
 49691 | Elf:3    | Gained mutation: You are occasionally teleported next to monsters. [a neqoxec]
 49823 | Elf:3    | Identified Woekiwn's Early Guide to Witchcraft
 50723 | Depths:3 | Noticed a golden dragon
 51343 | Depths:3 | Identified the cursed ring "Rifoah" {rPois rF+ rC++ Str-3 Dex+4} (You took it off a tengu warrior on level 3 of the Depths)
 51515 | Depths:3 | Found a shattered altar of Ashenzari.
 51820 | Elf:1    | Reached XP level 23. HP: 189/189 MP: 24/24
 51851 | Elf:2    | Bought a potion of mutation for 248 gold pieces
 51855 | Elf:2    | Lost mutation: Your muscles are strong. (Str +2) [potion of mutation]
 51855 | Elf:2    | Lost mutation: You are partially covered in iridescent scales. (AC +2) [potion of mutation]
 51855 | Elf:2    | Lost mutation: You are occasionally teleported next to monsters. [potion of mutation]
 51855 | Elf:2    | Lost mutation: Your movements are slightly less encumbered by armour. (ER -2) [potion of mutation]
 51855 | Elf:2    | Lost mutation: You have a pair of horns on your head. [potion of mutation]
 51855 | Elf:2    | Gained mutation: You passively map a small area around you. [potion of mutation]
 51855 | Elf:2    | Gained mutation: Your body sometimes deteriorates upon taking damage. [potion of mutation]
 51855 | Elf:2    | Gained mutation: You are partially covered in iridescent scales. (AC +2) [potion of mutation]
 51855 | Elf:2    | Gained mutation: Your flesh is cold resistant. (rC+) [potion of mutation]
 52070 | Lair:5   | Identified the cursed +2 cloak "Roov" {MR+} (You acquired it on level 5 of the Lair of Beasts)
 52086 | Lair:5   | Identified the cursed +1 hat "Sedalipn" {+Fly rC- Int+3 SInv Stlth+} (You acquired it on level 5 of the Lair of Beasts)
 52458 | D:14     | Killed Roxanne
 52928 | Depths:3 | Found a one-way gate leading to the halls of Pandemonium.
 53185 | Depths:3 | Reached skill level 24 in Shields
 53226 | Depths:3 | Identified the cursed ring of Trepidation {*Slow rF++ MR+ Dex+3 Stlth+} (You took it off a tengu warrior on level 3 of the Depths)
 53250 | Depths:3 | Noticed a golden dragon
 53267 | Depths:3 | Killed a golden dragon
 53498 | Depths:3 | Found a blossoming altar of Fedhas.
 53498 | Depths:3 | Found a one-way gate to the infinite horrors of the Abyss.
 53532 | Depths:3 | Killed a golden dragon
 53582 | Depths:3 | Noticed Mara
 53595 | Depths:3 | Noticed darkestones's illusion
 53699 | Depths:3 | Killed Mara
 53716 | Depths:3 | Found an ancient bone altar of Kikubaaqudgha.
 54090 | Depths:4 | Noticed Frederick
 54120 | Depths:4 | Killed Frederick
 54432 | Depths:4 | Reached XP level 24. HP: 197/199 MP: 24/24
 54575 | Depths:4 | Reached skill level 5 in Stealth
 54832 | Depths:4 | Noticed a juggernaut
 54849 | Depths:4 | Killed a juggernaut
 55088 | Depths:4 | Noticed Louise
 55105 | Depths:4 | Killed Louise
 55122 | Depths:4 | Found a gateway to a ziggurat.
 55997 | Depths:5 | Entered Level 5 of the Depths
 56056 | Depths:5 | Reduced skill Short Blades to level 5
 56133 | Depths:5 | Noticed Margery
 56140 | Depths:5 | Reached skill level 25 in Shields
 56159 | Depths:5 | Killed Margery
 56192 | Depths:5 | Noticed Xtahua
 56240 | Depths:5 | Killed Xtahua
 56367 | Depths:5 | Noticed the Enchantress
 56412 | Depths:5 | Killed the Enchantress
 56412 | Depths:5 | Identified the +7 faerie dragon scales {rCorr Int+2 Dex+3} (You took it off the Enchantress on level 5 of the Depths)
 56817 | Depths:5 | Found a gate to the Realm of Zot.
 57240 | Depths:5 | Reached XP level 25. HP: 200/206 MP: 24/24
 57520 | Depths:5 | Reduced skill Short Blades to level 1
 58464 | Elf:1    | Bought a potion of heal wounds for 70 gold pieces
 58464 | Elf:1    | Bought a potion of might for 56 gold pieces
 58464 | Elf:1    | Bought 2 potions of resistance for 280 gold pieces
 58501 | Elf:2    | Bought a potion of might for 124 gold pieces
 58501 | Elf:2    | Bought a scroll of enchant armour for 232 gold pieces
 58501 | Elf:2    | Bought a potion of heal wounds for 155 gold pieces
 58818 | Zig:1    | Entered Level 1 of a ziggurat
 58849 | Zig:2    | Entered Level 2 of a ziggurat
 58881 | Zig:3    | Entered Level 3 of a ziggurat
 59093 | Zig:4    | Entered Level 4 of a ziggurat
 59155 | Zig:5    | Entered Level 5 of a ziggurat
 59264 | Zig:6    | Entered Level 6 of a ziggurat
 59270 | Zig:6    | Identified the amulet "Avea" {RegenMP rN+}
 59392 | Zig:7    | Entered Level 7 of a ziggurat
 59434 | Zig:7    | Reached skill level 26 in Shields
 59499 | Zig:8    | Entered Level 8 of a ziggurat
 59525 | Zig:8    | Gained mutation: You are dopey. (Int -2) [a shining eye]
 59527 | Zig:8    | Gained mutation: You expend magic power (3 MP) to strengthen your wands. [a shining eye]
 59531 | Zig:8    | Gained mutation: Your flesh is heat resistant. (rF+) [a shining eye]
 59532 | Zig:8    | Gained mutation: Scrolls take you a little longer to read. [a shining eye]
 59536 | Zig:8    | Gained mutation: You are weak. (Str -2) [a shining eye]
 59538 | Zig:8    | Gained mutation: Armour fits poorly on your strangely shaped body. [a shining eye]
 59543 | Zig:8    | Lost mutation: You are dopey. (Int -2) [a shining eye]
 59554 | Zig:8    | Gained mutation: You occasionally shout uncontrollably at your foes. [a shining eye]
 59559 | Zig:8    | Gained mutation: Your magical capacity is low. (-10% MP) [a shining eye]
 59560 | Zig:8    | Gained mutation: Your body often deteriorates upon taking damage. [a shining eye]
 59562 | Zig:8    | Lost mutation: Your spells are a little harder to cast, but a little more powerful. [a shining eye]
 59565 | Zig:8    | Gained mutation: You are frail. (-10% HP) [a shining eye]
 59566 | Zig:8    | Lost mutation: You have a pair of small horns on your head. [a shining eye]
 59569 | Zig:8    | Lost mutation: You are frail. (-10% HP) [a shining eye]
 59571 | Zig:8    | Gained mutation: You are very weak. (Str -4) [a shining eye]
 59573 | Zig:8    | Gained mutation: You are clumsy. (Dex -2) [a shining eye]
 59580 | Zig:8    | Gained mutation: You are frail. (-10% HP) [a shining eye]
 59582 | Zig:8    | Gained mutation: You are very frail. (-20% HP) [a shining eye]
 59584 | Zig:8    | Gained mutation: You tend to lose your temper in combat. [a shining eye]
 59737 | Zig:8    | Identified the Papyrus of Displacement
 59749 | Zig:8    | Lost mutation: Armour fits poorly on your strangely shaped body. [potion of mutation]
 59749 | Zig:8    | Lost mutation: You expend magic power (3 MP) to strengthen your wands. [potion of mutation]
 59749 | Zig:8    | Lost mutation: You are very frail. (-20% HP) [potion of mutation]
 59749 | Zig:8    | Lost mutation: You tend to lose your temper in combat. [potion of mutation]
 59749 | Zig:8    | Lost mutation: Your magical capacity is low. (-10% MP) [potion of mutation]
 59749 | Zig:8    | Lost mutation: Your body often deteriorates upon taking damage. [potion of mutation]
 59749 | Zig:8    | Lost mutation: You occasionally shout uncontrollably at your foes. [potion of mutation]
 59749 | Zig:8    | Gained mutation: Your spells are a little harder to cast, but a little more powerful. [potion of mutation]
 59750 | Zig:8    | Lost mutation: You are partially covered in iridescent scales. (AC +2) [potion of mutation]
 59750 | Zig:8    | Lost mutation: Your flesh is cold resistant. (rC+) [potion of mutation]
 59750 | Zig:8    | Gained mutation: You are resistant to hostile enchantments. (MR+) [potion of mutation]
 59751 | Zig:8    | Lost mutation: Scrolls take you a little longer to read. [potion of mutation]
 59751 | Zig:8    | Lost mutation: You are clumsy. (Dex -2) [potion of mutation]
 59751 | Zig:8    | Lost mutation: Your flesh is heat resistant. (rF+) [potion of mutation]
 59751 | Zig:8    | Gained mutation: You are resistant to electric shocks. (rElec) [potion of mutation]
 59751 | Zig:8    | Gained mutation: You are highly resistant to hostile enchantments. (MR++) [potion of mutation]
 59768 | Zig:9    | Entered Level 9 of a ziggurat
 59778 | Zig:9    | Noticed Xelanocs the pandemonium lord
 59779 | Zig:9    | Noticed a Killer Klown
 59787 | Zig:9    | Noticed a Killer Klown
 59791 | Zig:9    | Killed a Killer Klown
 59817 | Zig:9    | Killed Xelanocs the pandemonium lord
 59848 | Zig:9    | Killed a Killer Klown
 59968 | Zig:10   | Entered Level 10 of a ziggurat
 60009 | Zig:10   | HP: 6/189 [eight-headed hydra (6)]
 60009 | Zig:10   | HP: 1/189 [eight-headed hydra (5)]
 60009 | Zig:10   | Slain by an eight-headed hydra

Skill      XL: |  1  2  3  4  5  6  7  8  9 10 11 12 13 14 15 16 17 18 19 20 21 22 23 24 25 |
---------------+----------------------------------------------------------------------------+-----
Fighting       | 4 5 6 7 8 9 11 13 14 15 16 17 18 19 | 19.9
Armour         | 4 5 6 7 9 10 11 12 13 14 15 16 17 18 19 | 19.1
Long Blades    | 3 4 6 8 9 10 14 15 16 17 18 19 20 21 | 21.7
Dodging        | 1 3 4 5 6 7 8 10 11 12 13 14 15 16 17 18 | 18.6
Shields        | 4 5 6 8 9 11 12 14 16 18 19 20 21 22 23 24 25 26 | 26.2
Throwing       | 1 2 3 4 5 7 |  7.9
Short Blades   | 5 8 10 12 13 14 13 10 7 3 0 |  0.0
Stealth        | 1 2 3 4 5 |  5.6
Evocations     | 1 2 |  2.1

Action                   |  1- 3 |  4- 6 |  7- 9 | 10-12 | 13-15 | 16-18 | 19-21 | 22-24 | 25-27 || total
-------------------------+-------+-------+-------+-------+-------+-------+-------+-------+-------++-------
Melee: Long sword        |    83 |   130 |   239 |       |       |       |       |       |       ||   452
       Kick              |       |       |    92 |    66 |       |       |       |       |       ||   158
       Rapier            |       |       |    84 |  1016 |  2201 |       |       |       |       ||  3301
       Headbutt          |       |       |       |       |   345 |   445 |   614 |   802 |   193 ||  2399
       Falchion          |       |       |       |       |    96 |  2055 |  2308 |   444 |    16 ||  4919
       Scimitar          |       |       |       |       |       |   108 |       |       |       ||   108
       Double sword      |       |       |       |       |       |       |       |  1306 |   518 ||  1824
Throw: Tomahawk          |       |     2 |     6 |       |    61 |   100 |       |       |       ||   169
       Stone             |       |     2 |       |       |       |       |       |       |       ||     2
       Javelin           |       |       |     6 |    74 |    40 |       |   234 |   146 |    18 ||   518
 Cast: Mephitic Cloud    |       |       |       |       |       |       |       |     1 |       ||     1
Invok: Curse Item        |       |     1 |     3 |     2 |     1 |     2 |       |     1 |       ||    10
       Scrying           |       |       |     1 |       |       |       |     2 |     1 |       ||     4
       Transfer Knowledg |       |       |       |       |     1 |       |       |     2 |     1 ||     4
 Abil: Hop               |     1 |     2 |     1 |     4 |     6 |    12 |     6 |     3 |     2 ||    37
       Evoke Berserk Rag |       |       |       |       |       |       |       |       |     1 ||     1
Evoke: Wand              |       |     4 |     2 |       |    20 |     3 |     7 |       |       ||    36
       Lamp of fire      |       |       |       |       |       |     1 |     1 |       |       ||     2
  Use: Scroll            |     1 |     5 |     2 |    15 |    19 |    11 |    16 |    24 |     8 ||   101
       Potion            |       |     7 |     5 |     5 |     8 |    13 |    10 |     9 |    13 ||    70
 Stab: Sleeping          |       |       |       |       |       |    10 |    36 |     4 |     3 ||    53
       Distracted        |       |       |       |       |       |     2 |     4 |     4 |     4 ||    14
       Confused          |       |       |       |       |       |       |       |     3 |       ||     3
  Eat: Chunk             |     1 |     6 |     6 |    23 |    29 |    23 |    20 |     8 |     3 ||   119
       Royal jelly       |       |     1 |     1 |       |     1 |     1 |     6 |     2 |       ||    12
       Fruit             |       |       |     6 |     3 |    33 |     9 |     5 |       |       ||    56
       Bread ration      |       |       |       |       |       |     1 |     2 |     5 |     2 ||    10
Armor: Scale mail        |    11 |       |    27 |   170 |   242 |    19 |       |       |       ||   469
       Ring mail         |    16 |    53 |    63 |       |       |       |       |       |       ||   132
       Troll leather arm |       |       |       |       |       |   114 |   130 |   124 |    78 ||   446
Dodge: Dodged            |    41 |    59 |   116 |   299 |   793 |   933 |   999 |   905 |   290 ||  4435
Block: Shield            |    40 |    74 |   142 |   369 |   542 |       |       |       |       ||  1167
       Large shield      |       |       |       |       |   862 |  2171 |  2658 |  2012 |   654 ||  8357
       Rpst.: Long sword |    16 |    24 |    23 |       |       |       |       |       |       ||    63
       Falchion          |       |       |       |       |     8 |   144 |   120 |    13 |     6 ||   291
       Scimitar          |       |       |       |       |       |     6 |       |       |       ||     6
       Double sword      |       |       |       |       |       |       |       |   108 |    31 ||   139
